 Dungeon Crawl Stone Soup version 0.30.0 (webtiles) character file.

Game seed: 6721254372138854923

3439 Irreverend the Grappler (level 9, -3/91 HPs)
             Began as a Troll Fighter on May 7, 2023.
             Was a Follower of Wu Jian.
             Slain by an orc warrior
             ... wielding a +0 trident
              (4 damage)
             ... in a bailey.
             The game lasted 00:26:42 (6685 turns).

Irreverend the Grappler (Troll Fighter)             Turns: 6685, Time: 00:26:44

Health: -3/91      AC:  4    Str: 32    XL:     9   Next: 77%
Magic:  8/8        EV:  9    Int:  8    God:    Wu Jian [*.....]
Gold:   650        SH:  9    Dex:  9    Spells: 8/8 levels left

rFire   . .          .
                       - Unarmed
rCold   . . .        b - +0 kite shield
rNeg    . . .        a - +0 robe
rPois   .            (helmet restricted)
rElec   .            (no cloak)
rCorr   .            (gloves unavailable)
SInv    .            (boots unavailable)
Will    .....        (no amulet)
Stlth   +            h - +6 ring of strength
HPRegen 1.15/turn    (no ring)
MPRegen 0.11/turn

%: no passive effects
@: invisible
A: large, unfitting armour, claws 3, regeneration 1, shaggy fur 1, tough skin 1
a: Renounce Religion


You were in a bailey.
You worshipped Wu Jian.
Wu Jian was aware of your devotion.
You visited 2 branches of the dungeon, and saw 9 of its levels.
You also visited: Ossuary and Bailey.

You collected 650 gold pieces.

Inventory:

Missiles
 t - a throwing net
Armour
 a - a +0 robe (worn)
 b - a +0 kite shield (worn)
Jewellery
 h - a +6 ring of strength (left claw)
Wands
 c - a wand of acid (4)
 k - a wand of digging (5)
 B - a wand of charming (5) (quivered)
Scrolls
 d - a scroll of acquirement {unknown}
 e - 2 scrolls of teleportation {unknown}
 f - 2 scrolls of enchant weapon {unknown}
 g - 3 scrolls of fog
 i - 3 scrolls of vulnerability
 j - 2 scrolls of amnesia {unknown}
 l - a scroll of brand weapon {unknown}
 m - 2 scrolls of silence {unknown}
 o - 7 scrolls of blinking
 p - 2 scrolls of magic mapping {unknown}
 q - 3 scrolls of butterflies
 s - a scroll of enchant armour {unknown}
 u - a scroll of poison {unknown}
 y - a scroll of noise {unknown}
Potions
 n - 10 potions of curing
 r - a potion of ambrosia
 v - 4 potions of flight {unknown}
 w - 3 potions of heal wounds
 x - 2 potions of brilliance {unknown}
 z - 4 potions of mutation {unknown}
 A - 4 potions of might
 C - 2 potions of haste {unknown}
 D - 4 potions of magic {unknown}


   Skills:
 + Level 6.3 Fighting
 - Level 2.4 Dodging
 + Level 6.9 Shields
 * Level 10.1 Unarmed Combat


You had 8 spell levels left.
You didn't know any spells.
Your spell library contained the following spells:

 Spells                   Type           Power      Damage    Failure   Level
 Apportation              Tloc           0%         N/A       58%         1
 Alistair's Intoxication  Tmut/Pois      0%         N/A       100%        5
 Simulacrum               Ice/Necr       0%         N/A       100%        6
 Ozocubu's Refrigeration  Ice            0%         4d7       100%        7
 Polar Vortex             Ice            0%         N/A       100%        9


Dungeon Overview and Level Annotations

Branches:
Dungeon (8/15)             Temple (1/1) D:4         Ossuary (visited)
 Bailey (1/1)
   Lair: D:8-11

Altars:
Ashenzari
Cheibriados
Dithmenos
Elyvilon
Fedhas
Hepliaklqana
Kikubaaqudgha
Makhleb
Nemelex Xobeh
Okawaru
Qazlal
Ru
Sif Muna
Trog
Uskayaw
Vehumet
Wu Jian
Xom
Yredelemnul
Zin
The Shining One

Annotations:
D:4 3 runed translucent doors, wolfgangpup's ghost, amateur DEBe


Innate Abilities, Weirdness & Mutations

You are too large for most types of armour.
You have claws for hands.
Your natural rate of healing is unusually fast.
You are covered in fur. (AC +1)
You have tough skin. (AC +1)


Message History

You lunge at the orc.
You claw the orc!
You kill the orc!
The Council accepts your kill.
You spin and attack the orc warrior.
You closely miss the orc warrior. You block the orc warrior's attack.
The orc hits you from afar with a +0 trident.
The orc barely misses you. The orc warrior completely misses you.
The orc hits you but does no damage.
You spin and attack the orc.
You scratch the orc.
The orc is moderately wounded.
The orc warrior hits you from afar with a +0 glaive.
The orc barely misses you. The orc warrior closely misses you.
The orc hits you from afar with a +0 trident.
There is an open gate, spattered with blood here.
Things that are here:
a +0 trident; a +0 ring mail; an orc corpse You closely miss the orc.
The orc is moderately wounded.
You block the orc warrior's attack. The orc hits you with a +0 halberd!
The orc warrior hits you from afar with a +0 trident!
The orc hits you from afar with a +0 trident.
You block the orc warrior's attack.
You fade into invisibility!
You block the orc warrior's attack.
The orc warrior hits you from afar with a +0 trident!
* * * LOW HITPOINT WARNING * * *
The orc barely misses you. The orc warrior closely misses you.
You strike the helpless orc from behind!
You mangle the orc!!
You kill the orc!
The Council accepts your kill. The orc warrior barely misses you.
The orc warrior hits you from afar with a +0 glaive!
* * * LOW HITPOINT WARNING * * *
The orc warrior hits you from afar with a +0 trident.
* * * LOW HITPOINT WARNING * * *
The orc hits you from afar with a +0 trident.
* * * LOW HITPOINT WARNING * * *
The orc warrior hits you from afar with a +0 trident.
You die...

#'''''#
##.....##
#.......#
#.......#
#...o...#
#..#o#..#
#..oooo.#
##..).o##
##)@'##
#.....#
#.....#
#.....#
#.....#
#.....#
##'''##
##.....##
#.......#


You could see 5 orc warriors and 2 orcs.

Vanquished Creatures
  Sigmund (D:3)
  6 yaks (D:8)
  Menkaure (D:5)
  3 water moccasins
  An ice beast (D:7)
  3 orc warriors (Bailey)
  A black bear (D:5)
  An ogre (D:4)
  A centaur (D:7)
  A kobold brigand (D:4)
  2 bullfrogs (D:7)
  Blork the orc (D:5)
  A scorpion (D:5)
  A howler monkey (D:4)
  4 hounds
  2 jellies (D:6)
  2 orc priests
  Crazy Yiuf (D:3)
  A gnoll bouda (D:5)
  2 sleepcaps
  Ijyb (D:3)
  4 iguanas
  4 orc wizards
  Natasha (thrice) (D:3)
  8 mummies (Ossuary)
  Robin (D:3)
  5 gnolls (D:5)
  2 adders
  3 shadow imps
  2 worms
  2 dart slugs
  25 orcs
  5 ball pythons
  6 bats
  11 endoplasms
  3 giant cockroaches
  11 goblins
  8 hobgoblins
  3 jackals (D:4)
  6 kobolds
  5 quokkas
  2 frilled lizards
  3 gnoll zombies (Ossuary)
  2 hobgoblin zombies (Ossuary)
  3 kobold zombies (Ossuary)
  6 rats
170 creatures vanquished.

Vanquished Creatures (collateral kills)
  An orc (Bailey)
1 creature vanquished.

Vanquished Creatures (others)
  39 plants
39 creatures vanquished.

Grand Total: 210 creatures vanquished

Notes
Turn   | Place    | Note
-------+----------+-------------------------------------------
     0 | D:1      | Irreverend the Troll Fighter began the quest for the Orb.
     0 | D:1      | Reached XP level 1. HP: 22/22 MP: 0/0
    86 | D:1      | Reached XP level 2. HP: 29/29 MP: 1/1
   422 | D:1      | Found a faded altar of an unknown god.
   942 | D:2      | Reached XP level 3. HP: 36/36 MP: 2/2
  1219 | D:2      | Reached skill level 3 in Unarmed Combat
  1466 | D:3      | Noticed Sigmund
  1489 | D:3      | Killed Sigmund
  1490 | D:3      | Reached skill level 4 in Unarmed Combat
  1490 | D:3      | Reached XP level 4. HP: 13/45 MP: 3/3
  1490 | D:3      | Reached XP level 5. HP: 15/53 MP: 4/4
  1760 | D:3      | Found a runed translucent door.
  1761 | D:3      | Noticed Crazy Yiuf
  1786 | D:3      | Found a hide-covered altar of Uskayaw.
  1793 | D:3      | Noticed Ijyb
  1822 | D:3      | Killed Ijyb
  1912 | D:3      | Found a hazy altar of Hepliaklqana.
  1912 | D:3      | Found a shadowy altar of Dithmenos.
  1914 | D:3      | Noticed a shadow
  1970 | D:3      | Found a white marble altar of Elyvilon.
  2001 | D:3      | Noticed Robin
  2019 | D:3      | Killed Robin
  2036 | D:3      | Reached XP level 6. HP: 61/61 MP: 5/5
  2071 | D:3      | Noticed Natasha
  2090 | D:3      | Killed Natasha
  2099 | D:3      | Noticed Natasha
  2107 | D:3      | Killed Natasha
  2130 | D:3      | You fall into a shaft and drop 2 floors!
  2130 | D:5      | Entered Level 5 of the Dungeon
  2153 | D:5      | Noticed Menkaure
  2168 | D:5      | Killed Menkaure
  2169 | D:5      | Reached skill level 5 in Unarmed Combat
  2237 | D:5      | Noticed Blork the orc
  2256 | D:5      | Killed Blork the orc
  2257 | D:5      | Reached XP level 7. HP: 33/68 MP: 6/6
  2334 | D:4      | Found a runed translucent gate.
  2334 | D:4      | Found a runed translucent gate.
  2334 | D:4      | Found a runed translucent gate.
  2344 | D:4      | Noticed wolfgangpup's ghost (amateur DEBe)
  2359 | D:4      | Found a staircase to the Ecumenical Temple.
  2368 | Temple   | Entered the Ecumenical Temple
  2763 | D:3      | Noticed Natasha
  2773 | D:3      | Killed Natasha
  3038 | D:3      | Killed Crazy Yiuf
  3039 | D:3      | Reached skill level 6 in Unarmed Combat
  3156 | D:4      | Found a burning altar of Makhleb.
  3999 | D:5      | Reached skill level 5 in Shields
  3999 | D:5      | Reached XP level 8. HP: 56/79 MP: 7/7
  4046 | D:5      | Reached skill level 7 in Unarmed Combat
  4229 | D:5      | Found an ornate altar of the Wu Jian Council.
  4235 | D:5      | Became a worshipper of the Wu Jian Council
  4312 | D:5      | Found a shimmering altar of Xom.
  4330 | D:5      | Found a shimmering altar of Xom.
  4339 | D:5      | Found a shimmering altar of Xom.
  4339 | D:5      | Found a shimmering altar of Xom.
  4340 | D:5      | Found a shimmering altar of Xom.
  4340 | D:5      | Found a shimmering altar of Xom.
  4585 | D:6      | Reached skill level 5 in Fighting
  4765 | D:6      | Reached skill level 8 in Unarmed Combat
  4909 | D:6      | Found a blossoming altar of Fedhas.
  4909 | D:6      | Found a sparkling altar of Nemelex Xobeh.
  4911 | D:6      | Found a broken altar of Ashenzari.
  5120 | D:7      | Found a bloodstained altar of Trog.
  5388 | D:7      | Found a sand-covered staircase.
  5396 | Ossuary  | Entered an ossuary
  5441 | Ossuary  | Reached XP level 9. HP: 61/88 MP: 8/8
  5621 | D:7      | Reached * piety under Wu Jian
  5655 | D:7      | Found an iron altar of Okawaru.
  6169 | D:8      | Noticed a two-headed ogre
  6215 | D:8      | Found a flagged portal.
  6229 | D:8      | Reached skill level 9 in Unarmed Combat
  6256 | D:8      | HP: 4/89 [yak (14)]
  6368 | Bailey   | Entered a bailey
  6390 | Bailey   | Reached skill level 10 in Unarmed Combat
  6685 | Bailey   | HP: 1/91 [orc/+0 trident (5)]
  6685 | Bailey   | Slain by an orc warrior

Illustrated notes

Levels and vault maps discovered:
D:1:      sevenhm_arrival_forest_fort_small_4, layout_loops_ring,
          nicolae_ecumenical_lake_church, dk_noncrumbling_3,
          minmay_misc_feat_secret_circle
D:2:      layout_basic
D:3:      layout_rooms, riverfiend_overflow_shadow_ancestor,
          mainiacjoe_overflow_surrounded_room, general_overflow_altar,
          serial_forest, infiniplex_forest_straight_2,
          infiniplex_forest_straight_3, infiniplex_forest_clump_small,
          infiniplex_forest_straight_4, infiniplex_forest_zigzag_2,
          infiniplex_forest_straight_1, infiniplex_forest_lined_room_2,
          infiniplex_forest_lined_4_way, roderic_lattice_a, uniq_ijyb,
          uniq_robin, uniq_crazy_yiuf_cottage, uniq_sigmund, uniq_natasha
D:4:      layout_basic, bloody_makhleb, minmay_temple_entry_junction,
          gammafunk_ghost_split, minmay_misc_feat_cross,
          nicolae_nh_ransacked_shop
D:5:      layout_cave_pools, xom_redecorated, nzn_wu_jian_council_hall,
          uniq_blork_the_orc, uniq_menkaure
D:6:      layout_cave_pools, gammafunk_temple_overflow_forgotten,
          corexii_item_surrounded_by_moat
D:7:      layout_loops_corners, mainiacjoe_overflow_alcove_2,
          mainiacjoe_overflow_alcove_4, nicolae_ossuary_entry_ruins
D:8:      cheibrodos_ideogram_h, layout_basic, david_lair_shrubbed,
          enter_bailey_6
Temple:   hellmonk_temple_forest_ring
Bailey:   bailey_polearm_5, bailey

Skill      XL: |  1  2  3  4  5  6  7  8  9 |
---------------+----------------------------+-----
Shields        | 3 4 5 6 |  6.9
Unarmed Combat | 4 5 6 8 10 | 10.1
Fighting       | 3 4 5 6 |  6.3
Dodging        | |  2.4

Action                     |  1- 3 |  4- 6 |  7- 9 || total
---------------------------+-------+-------+-------++-------
  Melee: Unarmed           |   124 |   110 |   323 ||   557
Ability: Lunge             |       |       |    30 ||    30
         Whirlwind         |       |       |     4 ||     4
  Evoke: Wand              |       |       |     1 ||     1
    Use: Potion            |     1 |     5 |     1 ||     7
         Scroll            |       |       |     5 ||     5
   Stab: Sleeping          |     1 |       |     1 ||     2
         Invisible         |       |       |     1 ||     1
 Armour: Robe              |    54 |    12 |    55 ||   121
  Dodge: Dodged            |    34 |    39 |    86 ||   159
  Block: Kite shield       |    42 |    36 |   114 ||   192
